 Dungeon Crawl Stone Soup version 0.29.0-11-gd7f09526c8 (webtiles) character file.

Game seed: 2261921894452750459

28 browni3141 the Sneak (level 3, 0/30 HPs)
             Began as a Ghoul Enchanter on Sept 5, 2022.
             Killed from afar by Jessica (11 damage)
             ... with a bolt of light
             ... on level 2 of the Dungeon.
             The game lasted 00:03:14 (1410 turns).

browni3141 the Sneak (Ghoul Enchanter)              Turns: 1410, Time: 00:03:14

Health: 0/30       AC:  2    Str: 11    XL:     3   Next: 14%
Magic:  2/4        EV: 12    Int: 12    God:
Gold:   104        SH:  0    Dex:  9    Spells: 3/5 levels left

rFire   . . .      SeeInvis .   a - +1 dagger
rCold   + . .      Faith    .   (no shield)
rNeg    + + +      Spirit   .   b - +0 robe
rPois   ∞          Reflect  .   (no helmet)
rElec   .          Harm     .   (no cloak)
rCorr   .          Rampage  .   (no gloves)
Will    +....                   (no boots)
Stlth   ++........              (no amulet)
HPRegen 0.00/turn               M - ring of willpower
MPRegen 0.09/turn               (no ring)

@: very slightly contaminated, inhibited regen, invisible
A: claws 1, cold resistance 1, negative energy resistance 3, inhibited
regeneration, torment resistance 2, devour on kill
a: no special abilities


You were on level 2 of the Dungeon.
You visited 1 branch of the dungeon, and saw 2 of its levels.

You collected 104 gold pieces.


Innate Abilities, Weirdness & Mutations

You are immune to poison.
You have sharp fingernails.
Your flesh is cold resistant. (rC+)
You are immune to negative energy. (rN+++)
You do not regenerate when monsters are visible.
You are immune to unholy pain and torment.
You thrive by killing the living.


   Skills:
 * Level 2.5 Fighting
 - Level 1.0 Short Blades
 - Level 1.7 Dodging
 - Level 3.2 Stealth
 - Level 1.7 Spellcasting
 * Level 2.7 Hexes


You had 3 spell levels left.
You knew the following spells:

 Your Spells              Type           Power      Damage    Failure   Level
z - Ensorcelled Hibernat  Hex/Ice        8%         N/A       24%         2

Your spell library contained the following spells:

 Spells                   Type           Power      Damage    Failure   Level
 Confusing Touch          Hex            7%         N/A       28%         3
 Tukima's Dance           Hex            7%         N/A       28%         3
 Dazzling Flash           Conj/Hex       8%         N/A       43%         3

Inventory:

Hand Weapons
 a - a +1 dagger (weapon)
Armour
 b - a +0 robe (worn)
Magical Staves
 d - a staff of earth
Jewellery
 F - a ring of fire
 M - a ring of willpower (left claw)
Scrolls
 f - 2 scrolls of enchant armour {unknown}
Potions
 c - a potion of invisibility
 e - 2 potions of curing {unknown}
 g - a potion of berserk rage {unknown}
 h - a potion of attraction {unknown}

Dungeon Overview and Level Annotations

Branches:
Dungeon (2/15)

Altars:

Shops:
D:1 (

Annotations:
D:2 Jessica

#.# #.# #.# ##+##
#.###.# ##...##
#.....# ##.....##
####.### ##....)..##
##.##.#
#.........####...#.###
+.........'...........
#.........####...#.###
##...@...#.........#
##..@..##.######..#
##..†###.# ...# ##'##
#.# ##.## #.# #.# #.#
###.####.###)##.#
#......w........#
#......##.##.###
......#......


You could see Jessica (fast, unable to see you).


Message History

You catch the helpless dart slug completely off-guard!
You hit the dart slug.
The dart slug is severely wounded.
Jessica zaps a wand.
The bolt of light hits you!
Ouch! That really hurt!
* * * LOW HITPOINT WARNING * * *
The dart slug barely misses you.
You strike the helpless dart slug from behind!
You hit the dart slug.
You kill the dart slug!
You feel better.
Jessica zaps a wand.
The bolt of light misses you.
Jessica zaps a wand.
Casting: Ensorcelled Hibernation (dangerous; 24% risk of failure)
Confirm with . or Enter, or press ? or * to list all spells.
Aiming: Ensorcelled Hibernation (dangerous; 24% risk of failure)
Press: ? - help, Shift-Dir - straight line, f/p - Jessica
Aim: Jessica, wielding a +0 club, wearing a +0 robe and carrying a wand of light (3) (moderately wounded, fast, unable to see you, chance to affect: 46%)
You miscast Ensorcelled Hibernation.
You are very lightly contaminated with residual magic.
Nothing appears to happen.
Jessica zaps a wand.
Jessica mumbles something strange.
Jessica closely misses you.
There is a stone staircase leading down here.
You hit Jessica but do no damage.
Jessica is moderately wounded.
Jessica misses you.
You closely miss Jessica.
Jessica is moderately wounded.
Jessica zaps a wand.
The bolt of light hits you!
You die...

Skill      XL: |  1  2 |
---------------+-------+-----
Fighting       | 1 2 |  2.5
Short Blades   | 1 |  1.0
Dodging        | |  1.7
Stealth        | |  3.2
Spellcasting   | |  1.7
Hexes          | |  2.7

Action                   || total
-------------------------++-------
Melee: Unarmed           ||    33
       Dagger            ||    73
 Cast: Ensorcelled Hiber ||     2
  Use: Potion            ||     1
 Stab: Sleeping          ||     5
       Invisible         ||     2
Armor: Robe              ||    22
Dodge: Dodged            ||    70

Levels and vault maps discovered:
D:1:      dpeg_arrival_houses_and_road, layout_loops_cross, serial_shops, shop,
          minmay_tiny_reverse_x
D:2:      layout_loops_corners, ebering_ecumenical_altar_sacrificial,
          uniq_jessica

Notes
Turn   | Place    | Note
-------+----------+-------------------------------------------
     0 | D:1      | browni3141 the Ghoul Enchanter began the quest for the Orb.
     0 | D:1      | Reached XP level 1. HP: 14/14 MP: 2/2
   149 | D:1      | Reached skill level 1 in Fighting
   298 | D:1      | Reached XP level 2. HP: 17/24 MP: 3/3
   412 | D:1      | Reached skill level 2 in Fighting
   649 | D:1      | Reached skill level 1 in Short Blades
   824 | D:1      | Learned a level 2 spell: Ensorcelled Hibernation
  1024 | D:1      | Found Posugo's Weapon Shoppe.
  1161 | D:1      | Reached XP level 3. HP: 28/30 MP: 4/4
  1347 | D:2      | Noticed Jessica
  1410 | D:2      | Killed from afar by Jessica

Vanquished Creatures
  A dart slug (D:2)
  5 bats (D:1)
  3 endoplasms
  A giant cockroach (D:1)
  2 goblins (D:1)
  2 quokkas (D:1)
  5 ball pythons (D:1)
  A kobold (D:1)
  4 rats (D:1)
24 creatures vanquished.

Table legend: (Time is in decaauts)
 A = Elapsed time spent in this place.
 B = Non-inter-level travel time spent in this place.
 C = Inter-level travel time spent in this place.
 D = Time resting spent in this place.
 E = Time spent auto-exploring this place.
 F = Levels seen in this place.
 G = Mean time per level.
                   A        B        C        D        E       F      G
               +--------+--------+--------+--------+--------+-----+--------+
         Total |   1403 |   1388 |     15 |     23 |   1125 |   2 |  701.5 |
       Dungeon |   1403 |   1388 |     15 |     23 |   1125 |   2 |  701.5 |
               +--------+--------+--------+--------+--------+-----+--------+

Top non-repeatable levels by time:
     D:1: 1290 daAuts
     D:2: 112 daAuts

Table legend:
 A = Non-vault XP
 B = Vault XP
 C = Vault XP percentage of total XP
 D = Non-vault monster count
 E = Vault monster count
 F = Vault count percentage of total count
                 A         B        C        D         E       F
            +---------+---------+-------+---------+---------+-------
      Total |      37 |       4 |   9.8 |      22 |       2 |   8.3
            +---------+---------+-------+---------+---------+-------
        D:1 |      31 |       4 |  11.4 |      20 |       2 |   9.1
        D:2 |       6 |       0 |   0.0 |       2 |       0 |   0.0
            +---------+---------+-------+---------+---------+-------
